 Dungeon Crawl Stone Soup version 0.29.1-4-g47bece8355 (webtiles) character file.

Game seed: 10785282221573288353

11 CungeonDrawl the Magician (level 2, 21/21 HPs)
             Began as a Djinni Air Elementalist on Dec 8, 2022.
             Quit the game on level 1 of the Dungeon.
             The game lasted 00:01:25 (634 turns).

CungeonDrawl the Magician (Djinni Air Elementalist)  Turns: 634, Time: 00:01:25

Health: 21/21      AC:  2    Str:  7    XL:     2   Next: 40%
Gold:   46         EV: 12    Int: 16    God:
                   SH:  0    Dex: 13

rFire   + + .      SeeInvis .   (no weapon)
rCold   x . .      Faith    .   (no shield)
rNeg    . . .      Spirit   .   a - +0 robe
rPois   ∞          Reflect  .   (no helmet)
rElec   .          Harm     .   (no cloak)
rCorr   .          Rampage  .   (no gloves)
Will    .....                   (boots unavailable)
Stlth   ++........              (no amulet)
HPRegen 0.07/turn               (no ring)
MPRegen 0.00/turn               (no ring)

@: flying
A: sickness immunity, fire resistance 2, cold vulnerability 1, float, innate
caster, HP casting, extra vitality 1
a: no special abilities


You were on level 1 of the Dungeon.
You visited 1 branch of the dungeon, and saw 1 of its levels.

You collected 46 gold pieces.

Inventory:

Armour
 a - a +0 robe (worn)
Potions
 b - 2 potions of brilliance {unknown}
 c - a potion of berserk rage {unknown}


   Skills:
 - Level 2.4 Dodging
 - Level 1.8 Stealth
 * Level 2.7 Spellcasting


You couldn't memorise any spells.
You knew the following spells:

 Your Spells              Type           Power      Damage    Failure   Level
a - Shock                 Conj/Air       40%        1d5       6%          1
b - Static Discharge      Conj/Air       10%        3-5/arc   10%         2
c - Swiftness             Air            10%        N/A       19%         3
d - Airstrike             Air            5%         2d(1-17)  52%         4
Your spell library was empty.

Dungeon Overview and Level Annotations

Branches:
Dungeon (1/15)

Altars:

Shops:
D:1 [[


Innate Abilities, Weirdness & Mutations

You are immune to sickness and miasma.
You are immune to poison.
Your flesh is very heat resistant. (rF++)
You are vulnerable to cold. (rC-)
You float through the air rather than walking.
You learn spells naturally, not from books.
Your magical power is your life essence.
You have superior vitality. (+4 MHP)


Message History

The endoplasm is almost dead.
The endoplasm quivers.
The zap hits the endoplasm.
You kill the endoplasm!
There is an escape hatch in the floor here.
A kobold comes into view. It is wielding a +0 dagger.
The zap hits the kobold.
The kobold is moderately wounded.
The kobold throws a stone.
The stone misses you.
You miscast Shock.
You are very lightly contaminated with residual magic.
Nothing appears to happen.
The zap hits the kobold.
The kobold is severely wounded.
The zap hits the kobold.
You kill the kobold!
Your magical contamination has completely faded away.
A quokka comes into view.
The zap hits the quokka but does no damage.
The zap hits the quokka.
The quokka is heavily wounded.
The zap misses the quokka.
The zap hits the quokka.
The quokka is almost dead.
The quokka barely misses you.
The zap misses the quokka.
The quokka barely misses you. The quokka bites you.
The zap misses the quokka.
The quokka closely misses you.
The zap misses the quokka.
The quokka closely misses you.
The zap hits the quokka.
You kill the quokka!
You now have 46 gold pieces (gained 13).
Things that are here:
a +0 dagger; 2 stones; a kobold corpse
There is an open door here.
There is an entrance to Gucurace's Armour Boutique here.
You reach down and open the door.
There is an open door here.
Found 4 stones.
Found a faded altar of an unknown god.
Are you sure you want to abandon this character and quit the game? (Confirm with "yes".)

#.# #.#. #.# #.##
#.########.#.
#..........#.
############. . #.
_.. #.
.....##############
###.
..(....@..........#
#...
..#####......####.#
#... #...........#
#... #...........#
###. #...........#
#.
#####.......#####.
#.............
##############


There were no monsters in sight!

Vanquished Creatures
  2 ball pythons (D:1)
  2 endoplasms (D:1)
  A goblin (D:1)
  A kobold (D:1)
  2 quokkas (D:1)
  A rat (D:1)
9 creatures vanquished.

Notes
Turn   | Place    | Note
-------+----------+-------------------------------------------
     0 | D:1      | CungeonDrawl the Djinni Air Elementalist began the quest
                  | for the Orb.
     0 | D:1      | CungeonDrawl set off with the following spells memorised:
                  | Shock, Static Discharge, Swiftness, Airstrike.
     0 | D:1      | Reached XP level 1. HP: 15/15 MP: 0/0
     9 | D:1      | Found Xomit's Antique Armour Shoppe.
   171 | D:1      | Reached XP level 2. HP: 17/21 MP: 0/0
   236 | D:1      | Found Gucurace's Armour Boutique.
   633 | D:1      | Found a faded altar of an unknown god.
   634 | D:1      | Quit the game

Illustrated notes

Levels and vault maps discovered:
D:1:      lightli_arrival_lavapool, layout_basic, serial_shops,
          nicolae_shop_behind_doors, shop, dreamdust_ecumenical_altar_statues

Action                   || total
-------------------------++-------
 Cast: Shock             ||    20
Dodge: Dodged            ||     5
